Map: Apotheosis LE

Players

AiLillekanin (Lillekanin)

  • Race: Terran Terran

SortOf - Winner!

  • Race: Zerg Zerg
  • League: Master

Event: DreamHack ZOWIE Open Valencia 2016

VOD

Have the link to the VOD?

Description

Time

  • Played on: July 14, 2016, 11:18 a.m.
  • Length: 21:46

All games in this series

Show
View Real Time Build Order
Export as new Build Order

AiLillekanin Terran 

Build Orders: Reaper Expand, Mech 

Get SALT Encoding   

  12  0:00  SCV  
  13  0:13  SCV  
  14  0:17  Supply Depot  
  14  0:25  SCV  
  15  0:29  Refinery  
  15  0:39  SCV  
  16  0:45  Barracks  
  16  0:51  SCV  
  17  1:03  SCV  
  18  1:15  SCV  
  19  1:34  Orbital Command  
  19  1:35  Reaper  
  20  1:46  Command Center  
  20  1:57  Factory  
  20  1:59  SCV  
  21  2:07  Barracks Reactor  
  21  2:11  Supply Depot  
  21  2:12  SCV  
  22  2:20  Refinery  
  22  2:24  SCV  
  23  2:37  SCV  
  24  2:49  SCV  
  25  2:58  Orbital Command  
  24  3:01  SCV, Starport  
  24  3:03  Hellion x2  
  29  3:06  Barracks Tech Lab  
  29  3:13  SCV  
  29  3:15  Supply Depot  
  30  3:24  SCV, Hellion x2  
  35  3:27  SCV  
  36  3:36  SCV  
  36  3:39  SCV  
  38  3:44  Viking  
  38  3:48  SCV  
  41  3:51  SCV  
  42  3:59  Command Center  
  42  4:00  SCV  
  43  4:03  SCV  
  43  4:07  Supply Depot  
  44  4:12  SCV  
  44  4:14  Medivac  
  44  4:15  SCV  
  48  4:18  Hellion  
  48  4:20  Hellion  
  52  4:29  SCV  
  52  4:30  SCV  
  54  4:31  Factory  
  54  4:33  Supply Depot  
  54  4:35  Refinery  
  54  4:41  SCV  
  54  4:42  SCV, Armory  
  56  4:52  Armory  
  56  4:53  SCV  
  56  4:54  SCV  
  56  4:57  Refinery  
  58  5:01  Starport Reactor  
  58  5:05  SCV  
  58  5:06  SCV  
  60  5:09  Supply Depot  
  60  5:12  Hellion x2  
  64  5:16  Orbital Command  
  64  5:20  SCV  
  65  5:25  Liberator  
  65  5:33  Infernal Pre-Igniter  
  67  5:35  Hellion  
  67  5:37  Hellion x2  
  67  5:41  Factory x2  
  74  5:45  SCV  
  74  5:47  Orbital Command  
  73  5:52  SCV  
  74  5:57  SCV, Factory  
  74  6:02  Cyclone  
  79  6:11  Supply Depot  
  79  6:12  Terran Vehicle Weapons Level 1  
  79  6:13  Engineering Bay  
  79  6:20  Terran Vehicle And Ship Armor Level 1  
  79  6:24  Hellion x2  
  79  6:25  Supply Depot  
  83  6:26  Supply Depot  
  83  6:34  Liberator  
  82  6:43  SCV  
  82  6:45  SCV x2  
  77  6:47  Factory Tech Lab  
  77  6:48  Factory Tech Lab  
  78  6:56  SCV  
  78  7:00  SCV  
  78  7:01  SCV  
  75  7:07  Cyclone x3  
  83  7:09  Hellion x2  
  83  7:10  SCV  
  83  7:15  Factory Tech Lab  
  84  7:16  Refinery  
  84  7:19  Mag-Field Accelerator  
  84  7:25  Refinery  
  84  7:27  SCV  
  85  7:34  Supply Depot  
  85  7:35  Supply Depot  
  85  7:37  Missile Turret  
  85  7:38  Missile Turret  
  85  7:39  Cyclone  
  85  7:43  Siege Tank  
  91  7:53  Siege Tank  
  91  7:54  Hellion x2  
  98  8:02  Liberator  
  98  8:03  Cyclone  
  99  8:06  Liberator  
  99  8:11  Cyclone  
  103  8:15  Hellion x2  
  110  8:24  Command Center  
  110  8:26  SCV  
  114  8:32  Terran Vehicle Weapons Level 2  
  114  8:36  Missile Turret  
  114  8:38  SCV x3  
  115  8:43  Terran Vehicle And Ship Armor Level 2  
  115  8:50  SCV x2, Cyclone  
  115  8:51  Hellion  
  115  8:53  Supply Depot  
  123  8:58  Liberator  
  127  9:06  Hellion, Cyclone  
  133  9:15  SCV, Hellion  
  133  9:16  Supply Depot  
  139  9:17  Supply Depot  
  139  9:19  Liberator  
  139  9:21  Cyclone  
  139  9:22  Supply Depot  
  139  9:24  Hellion, Starport  
  141  9:28  Hellion  
  139  9:36  Hellion, Siege Tank  
  149  9:38  Hellion  
  149  9:39  Supply Depot  
  149  9:41  Supply Depot  
  149  9:45  Hellion  
  151  9:46  SCV x2  
  151  9:52  Missile Turret  
  153  9:53  Cyclone  
  157  10:00  SCV  
  157  10:01  SCV x2  
  152  10:11  Cyclone  
  152  10:13  SCV  
  153  10:18  Hellion, Cyclone  
  153  10:19  Hellion  
  153  10:20  Siege Tank  
  164  10:22  Planetary Fortress  
  164  10:26  Hellion  
  164  10:27  Hellion  
  166  10:28  Starport Tech Lab  
  162  10:37  Liberator  
  162  10:43  Siege Tank  
  165  10:53  Cyclone x2  
  165  10:54  Cyclone  
  165  10:55  Hellion  
  179  11:01  Hellion  
  181  11:09  Supply Depot x2  
  181  11:10  Raven  
  181  11:15  Siege Tank  
  181  11:16  Hellion  
  186  11:19  SCV  
  186  11:20  SCV  
  188  11:25  Cyclone  
  188  11:28  Refinery, Terran Vehicle And Ship Armor Level 3  
  188  11:31  SCV  
  188  11:32  Refinery  
  193  11:39  Liberator  
  193  11:45  Terran Vehicle Weapons Level 3  
  196  12:03  Cyclone  
  197  12:16  Refinery  
  197  12:18  Orbital Command  
  183  12:34  Cyclone  
  187  12:37  Cyclone  
  187  12:38  Cyclone  
  187  12:43  Cyclone  
  195  12:57  Supply Depot  
  195  13:06  Cyclone  
  195  13:10  Cyclone  
  193  13:13  Cyclone  
  160  13:22  Cyclone  
  160  13:26  Hellion  
  122  13:31  Hellion  
  109  13:36  SCV  
  109  13:38  Cyclone  
  108  13:42  Cyclone  
  108  13:43  Liberator  
  108  13:44  Liberator  
  108  13:45  Cyclone  
  108  13:48  SCV x2, Hellion  
  120  13:52  Hellbat  
  120  13:54  Cyclone  
  126  14:02  SCV  
  117  14:05  Refinery  
  117  14:09  Hellbat  
  118  14:10  Cyclone  
  118  14:13  Hellion  
  118  14:14  Cyclone  
  118  14:15  Liberator  
  124  14:17  Hellion  
  126  14:24  SCV  
  126  14:26  Cyclone  
  126  14:30  Hellion  
  133  14:35  SCV, Hellion  
  139  14:38  Cyclone  
  139  14:40  Terran Ship Weapons Level 1  
  139  14:42  Hellion  
  145  14:46  Siege Tank  
  145  14:52  Hellion  
  150  14:56  Hellion  
  150  14:58  Hellion  
  142  15:04  SCV, Hellion  
  142  15:05  SCV x3  
  148  15:10  Liberator  
  148  15:11  Hellion  
  150  15:16  SCV  
  150  15:17  SCV, Hellion  
  150  15:18  Hellion, Cyclone  
  153  15:22  Siege Tank  
  153  15:23  Hellion x2  
  161  15:37  Orbital Command, Cyclone x2  
  161  15:42  SCV x2  
  169  15:43  Liberator x2  
  169  15:50  Cyclone  
  169  15:52  Sensor Tower  
  170  16:03  SCV x2  
  178  16:06  Hellion  
  146  16:33  Cyclone x2  
  146  16:36  Orbital Command  
  138  16:48  Cyclone x2  
  146  17:00  Hellion  
  146  17:05  Cyclone x2  
  152  17:13  SCV x2  
  154  17:17  Liberator  
  154  17:20  Cyclone x2  
  136  17:26  SCV  
  137  17:32  Refinery  
  137  17:34  Refinery  
  140  17:37  Cyclone  
  140  17:39  Cyclone, Liberator  
  140  17:40  Hellion x2  
  140  17:41  SCV  
  154  17:51  SCV x3  
  154  17:52  Hellion  
  154  17:58  SCV  
  162  18:03  SCV x3  
  165  18:09  Liberator  
  165  18:10  SCV  
  165  18:11  Thor  
  172  18:15  SCV x3, Hellion x2  
  179  18:22  SCV  
  179  18:39  Command Center  
  179  18:50  Raven  
  169  19:13  Viking x2  
  169  19:15  Thor  
  176  19:32  Thor  
  176  19:33  Raven  
  184  19:41  SCV, Command Center  
  184  19:44  Thor  
  191  19:58  SCV x2  
  193  20:05  Thor  
  193  20:06  Refinery  
  199  20:18  Hellion x2  
  125  20:43  Thor  
  125  20:44  Thor  
  112  20:54  SCV x3  
  90  21:06  SCV  
  90  21:08  SCV x3  
  86  21:18  SCV  
  85  21:20  SCV  
  85  21:21  SCV x2  
Show
View Real Time Build Order
Export as new Build Order

SortOf Zerg - Winner!

Build Orders: Hatch First 

Get SALT Encoding   

  12  0:00  Drone  
  13  0:13  Overlord  
  13  0:18  Drone  
  14  0:32  Drone x2  
  16  0:36  Drone  
  17  0:46  Drone  
  18  0:57  Hatchery  
  18  1:00  Extractor  
  18  1:02  Drone  
  17  1:16  Spawning Pool  
  16  1:20  Drone  
  16  1:24  Drone  
  18  1:30  Drone  
  19  1:40  Drone  
  20  1:50  Overlord  
  20  2:03  Queen  
  20  2:04  Metabolic Boost  
  22  2:08  Zergling x2  
  22  2:10  Zergling x2  
  22  2:14  Queen  
  26  2:18  Zergling x2  
  26  2:22  Drone  
  28  2:24  Drone  
  29  2:31  Drone  
  29  2:33  Drone  
  31  2:39  Queen  
  32  2:53  Drone  
  32  2:57  Drone  
  34  2:58  Pneumatized Carapace  
  34  3:00  Overlord  
  34  3:01  Drone  
  34  3:02  Drone  
  36  3:12  Overlord  
  36  3:20  Drone x4  
  36  3:25  Drone  
  41  3:29  Drone x2  
  41  3:30  Drone  
  41  3:31  Drone  
  45  3:41  Hatchery  
  44  3:45  Drone  
  44  3:48  Drone  
  44  3:50  Queen  
  47  3:56  Zergling x6  
  50  4:03  Spine Crawler  
  50  4:07  Lair  
  50  4:08  Drone x2  
  51  4:13  Overlord  
  51  4:15  Overlord  
  51  4:22  Overlord  
  51  4:25  Drone  
  52  4:33  Queen  
  52  4:35  Evolution Chamber  
  52  4:36  Drone x4  
  52  4:37  Evolution Chamber, Drone  
  57  4:42  Spore Crawler  
  57  4:45  Drone x2  
  58  4:48  Extractor  
  58  4:50  Drone x3  
  58  4:52  Extractor  
  59  4:53  Spore Crawler  
  59  4:56  Drone x3  
  61  5:06  Overseer  
  61  5:07  Zerg Ground Armor Level 1  
  61  5:08  Drone x2  
  61  5:13  Drone  
  64  5:14  Roach Warren  
  64  5:18  Drone  
  64  5:19  Queen  
  66  5:28  Zergling x4  
  66  5:32  Drone  
  66  5:34  Drone x3  
  68  5:35  Overlord  
  68  5:38  Drone  
  68  5:39  Overseer  
  69  5:49  Overlord  
  68  5:54  Overlord x2  
  68  6:00  Glial Reconstitution  
  68  6:01  Zerg Missile Weapons Level 1  
  68  6:02  Overlord  
  68  6:03  Overlord x2  
  68  6:07  Extractor  
  68  6:11  Drone x6  
  68  6:13  Drone  
  68  6:16  Drone x3  
  68  6:17  Drone  
  78  6:20  Drone x2  
  80  6:26  Roach x2  
  80  6:28  Spore Crawler  
  80  6:31  Roach x2  
  80  6:32  Roach  
  89  6:34  Roach  
  89  6:39  Roach x2  
  93  6:41  Roach x2  
  92  6:48  Roach x2  
  92  6:52  Roach  
  92  6:53  Roach x3  
  104  6:59  Drone x2  
  104  7:00  Drone  
  96  7:03  Drone  
  94  7:13  Drone x2  
  94  7:14  Drone  
  95  7:24  Zerg Ground Armor Level 2  
  95  7:26  Drone x4  
  95  7:29  Hatchery  
  98  7:30  Ravager x2  
  98  7:33  Drone x4  
  98  7:35  Extractor  
  98  7:36  Extractor  
  102  7:38  Ravager  
  102  7:41  Drone x2  
  105  7:45  Drone  
  106  7:54  Drone x2  
  106  7:59  Overlord  
  106  8:02  Roach x3  
  106  8:11  Infestation Pit  
  106  8:12  Drone, Hydralisk Den  
  105  8:21  Drone x2, Extractor  
  105  8:22  Drone  
  105  8:23  Extractor  
  105  8:25  Drone  
  105  8:26  Zergling x2  
  108  8:27  Overlord  
  108  8:31  Drone x2  
  108  8:32  Drone x4  
  108  8:33  Overlord x2  
  114  8:41  Overlord  
  114  8:51  Overlord  
  114  8:54  Hive  
  114  8:55  Drone x3  
  117  8:56  Drone x3  
  117  8:57  Hydralisk x9  
  138  9:05  Hydralisk x2  
  142  9:15  Hydralisk x3  
  148  9:18  Overlord  
  148  9:25  Overlord  
  148  9:28  Drone  
  148  9:29  Drone x2  
  148  9:30  Drone, Hatchery  
  148  9:31  Spine Crawler  
  148  9:32  Drone  
  148  9:38  Zergling x2  
  149  9:45  Zerg Missile Weapons Level 2  
  149  9:47  Zerg Melee Weapons Level 1  
  149  9:49  Hydralisk x3  
  149  9:50  Roach x2, Spire  
  158  9:58  Ravager x3, Hydralisk x3  
  165  10:09  Hydralisk x4  
  165  10:10  Hydralisk x2  
  154  10:15  Muscular Augments  
  154  10:17  Roach  
  154  10:18  Roach x2  
  153  10:22  Ravager x2, Hydralisk x2  
  155  10:37  Overlord x3  
  155  10:38  Overlord x2  
  153  10:53  Roach x3  
  153  10:57  Roach x12  
  180  11:08  Viper x2, Ravager x2  
  180  11:10  Roach x2  
  180  11:11  Overlord x2  
  192  11:14  Extractor  
  192  11:15  Spore Crawler  
  192  11:16  Extractor  
  189  11:24  Hatchery  
  188  11:26  Viper  
  191  11:47  Viper x2  
  197  12:01  Viper  
  197  12:03  Greater Spire  
  194  12:11  Viper  
  194  12:14  Extractor  
  182  12:29  Hydralisk x6  
  176  12:30  Hydralisk x2  
  176  12:36  Spine Crawler  
  189  12:41  Roach  
  189  12:42  Roach x6  
  195  12:50  Drone x2  
  195  12:58  Extractor  
  195  12:59  Overlord  
  195  13:00  Overlord x2  
  195  13:03  Hatchery  
  152  13:21  Roach x5  
  152  13:26  Roach  
  147  13:27  Roach x12  
  139  13:37  Roach x4  
  129  13:43  Viper x4  
  129  13:47  Roach x2  
  142  13:50  Overseer  
  142  13:51  Zerg Ground Armor Level 3  
  142  14:01  Hydralisk x5  
  152  14:03  Overlord  
  152  14:04  Overlord x2  
  148  14:11  Zergling x2  
  148  14:12  Zergling x20  
  157  14:23  Drone x5  
  156  14:28  Drone x3  
  156  14:29  Drone  
  156  14:30  Drone  
  161  14:32  Drone  
  161  14:33  Drone  
  161  14:36  Spine Crawler  
  162  14:40  Hydralisk x2  
  166  14:47  Hydralisk  
  166  14:48  Hydralisk x2  
  172  15:01  Hatchery  
  172  15:03  Extractor  
  172  15:04  Roach  
  172  15:05  Roach x2  
  176  15:13  Hydralisk x5  
  186  15:36  Zerg Flyer Weapons Level 1  
  186  15:37  Corruptor x4  
  186  15:38  Corruptor  
  194  16:05  Zergling x10  
  194  16:09  Spine Crawler  
  194  16:10  Evolution Chamber  
  191  16:13  Drone x4  
  191  16:14  Drone x5  
  188  16:30  Roach  
  188  16:31  Roach x5  
  193  16:38  Hydralisk  
  193  16:39  Hydralisk  
  195  16:41  Hydralisk x7  
  195  16:44  Corruptor x2  
  187  16:59  Roach x9  
  195  17:05  Ravager x7  
  173  17:28  Hatchery  
  173  17:29  Corruptor x8  
  188  17:30  Brood Lord  
  188  17:35  Extractor  
  189  17:40  Brood Lord  
  191  17:55  Zerg Flyer Armor Level 1  
  191  17:59  Hatchery  
  191  18:01  Brood Lord x3  
  191  18:03  Queen  
  198  18:10  Brood Lord  
  198  18:35  Extractor  
  198  18:40  Brood Lord x4  
  185  18:47  Queen x2  
  189  18:48  Extractor  
  189  18:49  Queen  
  189  18:55  Hatchery  
  187  19:02  Corruptor x3  
  188  19:15  Drone  
  188  19:16  Drone x3  
  189  19:18  Drone x3  
  189  19:22  Corruptor x3  
  193  19:40  Hatchery  
  193  19:44  Overlord x2  
  192  20:00  Hatchery  
  191  20:22  Viper  
  150  20:44  Hydralisk  
  150  20:45  Hydralisk x8  
  156  20:50  Hydralisk  
  156  20:51  Hydralisk x7  
  156  20:54  Roach  
  156  20:55  Roach x4, Zergling x16  
  176  21:00  Roach x2  
  176  21:04  Roach x2  
  172  21:08  Roach  
  172  21:09  Roach  
  148  21:27  Overseer  

Tags
 
Add a new tag
Caveats
  • Supply blocks, unpowered buildings, or Contaminate may cause inaccurate times.
  • Supply counts are checked every 10 seconds.